 Dungeon Crawl Stone Soup version 0.20.1-1-g8b1a95d (webtiles) character file.

79 dohliylev the Sneak (level 4, -6/33 HPs)
             Began as a Vampire Assassin on July 8, 2017.
             Shot with an arrow by a centaur (10 damage)
             ... on level 2 of the Dungeon.
             The game lasted 00:06:28 (1269 turns).

dohliylev the Sneak (Vampire Assassin)              Turns: 1269, Time: 00:06:29

Health: -6/33      AC:  4    Str: 10    XL:     4   Next: 16%
Magic:  4/4        EV: 12    Int: 13    God:
Gold:   88         SH:  0    Dex: 16    Spells: 3/3 levels left

rFire    . . .     SeeInvis +   m - +0 dagger (vamp)
rCold    . . .     Gourm    .   (no shield)
rNeg     . . .     Faith    .   c - +0 robe
rPois    .         Spirit   .   (no helmet)
rElec    .         Reflect  .   d - +0 cloak
rCorr    .         Harm     .   p - +0 pair of gloves
MR       +....     Rnd*Tele +   (no boots)
Stlth    ++++......             (no amulet)
Regen    0.4/turn               o - ring of protection from magic
MPRegen  0.1/turn               t - ring of teleportation (curse)

@: regenerating quickly
A: fangs 3, see invisible, unbreathing
a: no special abilities


You were on level 2 of the Dungeon.
You were very full.

You visited 1 branch of the dungeon, and saw 2 of its levels.

You collected 88 gold pieces.

Inventory:

Hand Weapons
 a - a +2 dagger
 b - a +0 blowgun
 m - a +0 vampiric dagger (weapon)
Missiles
 e - 8 poisoned needles
 f - 2 curare-tipped needles
Armour
 c - a +0 robe (worn)
 d - a +0 cloak (worn)
 p - a +0 pair of gloves (worn)
Jewellery
 o - a ring of protection from magic (left hand)
 t - a cursed ring of teleportation (right hand)
 v - an uncursed ring of positive energy
Scrolls
 h - a scroll of enchant armour {unknown}
 i - 4 scrolls of remove curse {unknown}
 j - a scroll of immolation {unknown}
 l - 2 scrolls of identify {unknown}
 r - a scroll of magic mapping {unknown}
 u - a scroll of enchant weapon {unknown}
Potions
 g - 10 potions of blood
 k - a potion of heal wounds {unknown}
 n - a potion of curing {unknown}
 s - a potion of lignification {unknown}


   Skills:
 + Level 2.1 Fighting
 + Level 2.5 Short Blades
 + Level 1.7 Throwing
 + Level 1.7 Dodging
 + Level 7.7 Stealth


You had 3 spell levels left.
You didn't know any spells.

Dungeon Overview and Level Annotations

Branches:
Dungeon (2/15)

Altars:


Innate Abilities, Weirdness & Mutations

Your natural rate of healing is unusually fast.
You have razor-sharp teeth.
You have supernaturally acute eyesight. (SInv)
You can survive without breathing.


Message History

You hit the bat.
You feel better.
You kill the bat!
The centaur wields a shortbow.
The centaur shoots an arrow.
The arrow hits you.
You hit the rat.
You feel better.
The rat is heavily wounded.
The rat barely misses you.
You closely miss the rat.
The rat is heavily wounded.
The rat misses you.
You hit the rat but do no damage. You bite the rat.
You kill the rat!
The centaur shoots an arrow.
The arrow hits you!
You hit the rat.
You feel better.
You kill the rat!
The centaur shoots an arrow.
The arrow hits you!
The centaur shoots an arrow.
The arrow hits you!
* * * LOW HITPOINT WARNING * * *
You see here an arrow.
The centaur shoots an arrow.
The arrow hits you!
You die...

##...# ...........>..# #...#
...##>..###.### #...## <....#.#
#.# ##...############+#.###.####
#...#......(†c............#
#######..##.†..c##......###....#
#.......###.....####....# #....#
..#................###### #....#
..#...###..#.#..@..# #[...#
......##...#.#.....# ######
#)....##.###.###...#
#.....##.#.....#...#
#.....##.#######...#
##....##.≈≈≈≈≈≈≈.###
#.......#######.#
######..#.....#.# #..###.###.#


You could see a centaur.

Vanquished Creatures
  2 gnolls (D:2)
  An adder (D:2)
  A worm (D:2)
  A dart slug (D:1)
  A leopard gecko (D:1)
  A giant cockroach (D:2)
  3 hobgoblins
  6 kobolds (D:1)
  A ball python (D:2)
  15 bats
  8 goblins
  9 rats
49 creatures vanquished.

Notes
Turn   | Place    | Note
-------+----------+-------------------------------------------
     0 | D:1      | dohliylev the Vampire Assassin began the quest for the Orb.
     0 | D:1      | Reached XP level 1. HP: 16/16 MP: 1/1
    30 | D:1      | Reached skill level 6 in Stealth
   145 | D:1      | Reached XP level 2. HP: 21/22 MP: 2/2
   454 | D:1      | Reached XP level 3. HP: 26/27 MP: 3/3
   515 | D:1      | Reached skill level 7 in Stealth
  1193 | D:2      | Reached XP level 4. HP: 33/33 MP: 4/4
  1234 | D:2      | Noticed a centaur
  1269 | D:2      | Shot with an arrow by a centaur

Skill      XL: |  1  2  3 |
---------------+----------+-----
Stealth        | 6 7 |  7.7
Fighting       | 2 |  2.1
Short Blades   | |  2.5
Throwing       | |  1.7
Dodging        | |  1.7

Action                   |  1- 3 |  4- 6 || total
-------------------------+-------+-------++-------
Melee: Dagger            |   136 |    15 ||   151
       Bite              |     6 |     1 ||     7
 Fire: Blowgun           |     1 |       ||     1
 Stab: Sleeping          |    12 |       ||    12
  Eat: Corpse            |     9 |     1 ||    10
Armor: Robe              |    45 |     9 ||    54
Dodge: Dodged            |   114 |    13 ||   127
